Cogmind - Beta 16 @@@ ROGUE MODE // 2025.11.16 @ 07:48:59 Player: goodsprings Result: Destroyed by as-38498 with Assembled Heavy Rifle Performance ------------- Evolutions (0) 0 Regions Visited (2) 400 Robots Destroyed (7) 35 Value Destroyed (195) 195 Prototype IDs (0) 0 Alien Tech Used (0) 0 Bonus (0) 0 TOTAL SCORE: 630 Bonus ------- None Cogmind --------- Core Integrity 0/250 Matter 300/300 Energy 100/100 System Corruption 1% Temperature Cool (0) Movement Walking (260) Ox2 Location -10/Mines Parts ------- > --- POWER (1) -------- (None) > --- PROPULSION (2) --- Aluminum Leg > --- UTILITY (2) ------ Large Storage Unit Structural Scanner > --- WEAPON (2) ------- (None) > --- INVENTORY (15) --- Ion Engine Light Ion Engine Aluminum Leg Aluminum Leg Small Storage Unit Large Storage Unit Small Laser Rocket Launcher Peak State ------------ > --- POWER ------------ Ion Engine > --- PROPULSION ------- Light Treads Light Treads > --- UTILITY ---------- Large Storage Unit Structural Scanner > --- WEAPON ----------- Medium Laser Light Assault Rifle > --- INVENTORY -------- Ion Engine Light Ion Engine Aluminum Leg Aluminum Leg Aluminum Leg Small Storage Unit Large Storage Unit Small Laser Rocket Launcher [Rating: 8] Favorites ----------- Power Light Ion Engine Engine Light Ion Engine Propulsion Light Treads Treads Light Treads Leg Aluminum Leg Utility Large Storage Unit Device Structural Scanner Storage Large Storage Unit Weapon Medium Laser Energy Gun Medium Laser Ballistic Gun Light Assault Rifle Build | -11 -10 -10 ------- Run | Yrd Mat Min Slots Evolved . | . . . Power . | . . . Propulsion . | . . . Utility . | . . . Weapon . | . . . Parts Attached 12 | 7 2 3 Power 2 | 1 . 1 Engine 2 | 1 . 1 Core . | . . . Reactor . | . . . Propulsion 4 | 3 . 1 Treads 2 | 2 . . Leg 2 | 1 . 1 Wheel . | . . . Hover . | . . . Flight . | . . . Utility 3 | 1 2 . Device 1 | . 1 . Storage 2 | 1 1 . Processor . | . . . Hackware . | . . . Protection . | . . . Artifact . | . . . Weapon 3 | 2 . 1 Energy Gun 2 | 1 . 1 Energy Cannon . | . . . Ballistic Gun 1 | 1 . . Ballistic Cannon . | . . . Launcher . | . . . Special Weapon . | . . . Impact Weapon . | . . . Slashing Weapon . | . . . Piercing Weapon . | . . . Special Melee Weapon . | . . . Unidentified Prototypes . | . . . Parts Lost 7 | . . 7 Power 2 | . . 2 Propulsion 2 | . . 2 Utility . | . . . Weapon 3 | . . 3 Highest Loss Streak 5 | . . 5 To Critical Strikes . | . . . Average Backups 6 | 3 4 9 Power 1 | . 1 2 Propulsion 2 | 1 2 2 Utility 1 | . . 2 Weapon 1 | . 1 1 Tool/Special . | . . . Unused Backups 6 | . . 6 Power 2 | . . 2 Propulsion 1 | . . 1 Utility 1 | . . 1 Weapon 2 | . . 2 Tool/Special . | . . . Average Slot Usage (%) 88 | . 92 85 Engine 8 | . 14 2 Treads 26 | . 28 25 Device 8 | . . 14 Storage 16 | . 19 14 Energy Gun 13 | . 14 13 Ballistic Gun 13 | . 14 12 Peak Build Rating 8 | 6 7 8 Average Rating 6 | 4 6 6 On Entrance 4 | . 6 7 Avg Prop Armor Cover (%) 15 | . . 15 Naked Turns . | . . . Heaviest Build 31 | 11 31 29 Greatest Support 40 | 40 40 40 Greatest Overweight (x) 9 | 1 . 9 Average Overweight (x) . | . . . Largest Inventory Capacity 15 | 8 15 15 Average Capacity 12 | 7 11 15 Most Carried 10 | 5 7 10 Average Carried 6 | 3 4 9 Final Capacity 15 | 8 15 15 Final Carried 8 | 4 7 8 Class Distribution -------------------- 100% | Mutant Dominant Class ---------------- Mutant | -10/Materials Mutant | -10/Mines Resources | -11 -10 -10 ----------- Run | Yrd Mat Min Matter Collected 311 | 190 89 32 Remotely . | . . . Salvage Created 231 | . 129 102 Parts 12 | . 8 4 Haulers Intercepted . | . . . Recyclers Shooed . | . . . Parts Field Recycled . | . . . Retrieved Matter . | . . . Parts Self-Destructed . | . . . Prevented . | . . . Parts Restored . | . . . Kills | -11 -10 -10 ------- Run | Yrd Mat Min Combat Hostiles Destroyed 7 | . 4 3 Guns 5 | . 2 3 AOE 2 | . 2 . Classes Destroyed 4 | . 3 1 Watcher 1 | . 1 . Swarmer 2 | . 2 . Grunt 4 | . 2 2 Assembled 1 | . . 1 Best Kill Streak 5 | . 5 2 Combat Bots Only 4 | . 4 2 Max Kills in Single Turn 3 | . 3 1 Gunslinging . | . . . Exploded 2 | . 2 . Melee . | . . . Uniques/NPCs Destroyed . | . . . Combat | -11 -10 -10 -------- Run | Yrd Mat Min Hostile Shots Fired 100 | . 38 62 Missed 22 | . 4 18 Hits 78 | . 34 44 Melee 2 | . . 2 Projectile 76 | . 34 42 Part Disruptions 2 | . . 2 Damage Taken 987 | . 382 605 Core 256 | . 95 161 Absorbed by Shields . | . . . Core Remaining (%) 100 | 100 . . Volleys Fired 25 | . 9 16 Largest 2 | . 2 2 Hottest 70 | . 70 70 Shots Fired 50 | . 18 32 Gun 50 | . 18 32 Cannon . | . . . Launcher . | . . . Special . | . . . Kinetic 25 | . 9 16 Thermal 25 | . 9 16 Explosive . | . . . Electromagnetic . | . . . Robot Hit Streak 4 | . 4 3 Robot Miss Streak 3 | . 2 3 Penetration Max . | . . . Secondary Targets 2 | . 1 1 Max Gunslinging Chain 1 | . 1 1 Shots Hit Robots 30 | . 11 19 Core Hits 15 | . 7 8 Critical Kills . | . . . Critical Parts Destroyed . | . . . Critical Strikes 2 | . 1 1 Burn 2 | . 1 1 Melee Attacks . | . . . Impact . | . . . Slashing . | . . . Piercing . | . . . Sneak Attacks . | . . . Combat Hostiles . | . . . Follow-up Attacks . | . . . Damage Inflicted 433 | . 255 178 Guns 291 | . 113 178 Cannons . | . . . Explosions 142 | . 142 . Melee . | . . . Ramming . | . . . Kinetic 154 | . 50 104 Thermal 173 | . 99 74 Explosive . | . . . Electromagnetic 106 | . 106 . Impact . | . . . Slashing . | . . . Piercing . | . . . Highest Corruption 1 | . 1 1 Average Corruption 1 | . 1 1 Corruption Purged . | . . . Corruption Blocked . | . . . Effects 3 | . 1 2 Heat Flow Errors 3 | . 1 2 Overload Shots . | . . . Overflow Damage . | . . . Projectiles . | . . . Explosions . | . . . Melee . | . . . Knockbacks . | . . . Impact . | . . . Kinetic . | . . . Secondary . | . . . Self-Inflicted Damage 56 | . 56 . Shots 2 | . 2 . Rammed . | . . . Targets Rammed . | . . . Kicked . | . . . Crushed . | . . . Highest Temperature 339 | . 264 339 Average Temperature 129 | . 129 129 Received Heat Transfer 361 | . 102 259 Siege Activations . | . . . Martial Activations . | . . . Shielding Activations . | . . . Robots Disrupted . | . . . Combat Hostiles . | . . . Robots Corrupted . | . . . Combat Hostiles . | . . . Parts Fried . | . . . Impact Corruptions . | . . . Robots Melted . | . . . Combat Hostiles . | . . . Parts Melted . | . . . Heat Transferred 555 | . 259 296 Parts Sabotaged . | . . . Parts Stolen . | . . . Parts Stripped . | . . . Power Chain Reactions 1 | . 1 . Alert | -11 -10 -10 ------- Run | Yrd Mat Min Maximum Alert Level . | . . . Low Security (%) 100 | 100 100 100 Level 1 . | . . . Level 2 . | . . . Level 3 . | . . . Level 4 . | . . . Level 5 . | . . . High Security . | . . . Max Security . | . . . Peak Influence 105 | . 105 40 Initial 1 | . . 1 Average 19 | . 40 6 Influence Increases 165 | . 115 50 Destroy 0b10 Robot/C 120 | . 80 40 Destroy 0b10 Robot/NC 5 | . 5 . Destroy Leader 22 | . 12 10 Disable Machine 15 | . 15 . Destroy Structure 3 | . 3 . Influence Decreases 165 | . 110 55 Entered New Map 4 | . . 4 Time Decay 161 | . 110 51 Squads Dispatched . | . . . Investigation . | . . . Extermination . | . . . Reinforcement . | . . . Assault . | . . . Garrison . | . . . Intercept . | . . . Searches Triggered . | . . . Construction Impeded . | . . . Haulers Reinforced . | . . . Active Scanning Responses . | . . . Cargo Convoy Interrupts . | . . . Stealth | -11 -10 -10 --------- Run | Yrd Mat Min Distress Signals 2 | . 2 . Communications Jammed . | . . . Distress Signals . | . . . Times Spotted 18 | . 7 11 Peak Tracking Total 7 | . 6 7 Tactical Retreats 2 | . . 2 Traps | -11 -10 -10 ------- Run | Yrd Mat Min Traps Triggered . | . . . Indirectly . | . . . Trap Hack Attempts . | . . . Triggered . | . . . Disarmed . | . . . Reprogrammed . | . . . Reused . | . . . Traps Extracted . | . . . Installed . | . . . Triggered . | . . . Machines | -11 -10 -10 ---------- Run | Yrd Mat Min Machines Disabled 1 | . 1 . Max in Single Turn 1 | . 1 . Machines Repaired . | . . . Machines Dismantled . | . . . Machines Sabotaged . | . . . Overloaded Fab Kills . | . . . Hacking | -11 -10 -10 --------- Run | Yrd Mat Min Machines Accessed 2 | . 2 . Terminals 1 | . 1 . Fabricators . | . . . Repair Stations . | . . . Recycling Units 1 | . 1 . Scanalyzers . | . . . Garrison Access . | . . . Total Hacks 4 | . 4 . Successful 4 | . 4 . Failed . | . . . Catastrophic . | . . . Database Lockouts . | . . . Manual . | . . . Terminals 2 | . 2 . Fabricators . | . . . Repair Stations . | . . . Recycling Units 2 | . 2 . Scanalyzers . | . . . Garrison Access . | . . . Terminal Hacks 2 | . 2 . Record 1 | . 1 . Alert Level 1 | . 1 . Fabricator Hacks . | . . . Repair Station Hacks . | . . . Recycling Unit Hacks 2 | . 2 . Process 1 | . 1 . Report Inventory 1 | . 1 . Scanalyzer . | . . . Garrison Access Hacks . | . . . Unauthorized Hacks . | . . . Terminals . | . . . Fabricators . | . . . Repair Stations . | . . . Recycling Units . | . . . Scanalyzers . | . . . Garrison Access . | . . . Data Cores Recovered . | . . . Used . | . . . Hacking Detections 1 | . 1 . Full Trace Events . | . . . Feedback Events . | . . . Feedback Blocked . | . . . Robot Schematics Acquired . | . . . Robots Built . | . . . Authchips . | . . . Time . | . . . Total Robot Build Rating . | . . . Part Schematics Acquired . | . . . Parts Built . | . . . Authchips . | . . . Time . | . . . Total Part Build Rating . | . . . Part Studies Acquired . | . . . Parts Repaired . | . . . Time . | . . . Parts Recycled . | . . . Recycled Matter 142 | . 142 . Retrieved Matter . | . . . Retrieved Components . | . . . Parts Scanalyzed . | . . . Part Schematics Acquired . | . . . Parts Damaged . | . . . Bothacking | -11 -10 -10 ------------ Run | Yrd Mat Min Used RIF Installer . | . . . Robots Hacked . | . . . Non-combat . | . . . Combat . | . . . Robot Hacks Applied . | . . . Relay Couplers Released . | . . . Fabnet Peak Effective % . | . . . Robots Rewired . | . . . Allies Hacked . | . . . Hacks Repelled . | . . . Allies | -11 -10 -10 -------- Run | Yrd Mat Min Total Allies . | . . . Largest Group . | . . . Highest-Rated Group . | . . . Highest-Rated Ally . | . . . Total Orders . | . . . Ally Attacks . | . . . Total Damage . | . . . Kills . | . . . Allies Corrupted . | . . . Allies Melted . | . . . Intel | -11 -10 -10 ------- Run | Yrd Mat Min Active Infowar (turns) 346 | . 21 325 Structural 346 | . 21 325 Robot Analysis Total . | . . . Derelict Logs Recovered 2 | . . 2 Drone Launches . | . . . Drone Recoveries . | . . . Exploration | -11 -10 -10 ------------- Run | Yrd Mat Min Turns Passed 682 | 77 280 325 Spaces Moved 362 | 47 156 159 Core 14 | 12 . 2 Treads 336 | 33 156 147 Legs 12 | 2 . 10 Wheels . | . . . Hover . | . . . Flight . | . . . Fastest Speed 50 | 50 160 160 Average Speed 161 | 132 160 171 Slowest Speed 500 | 160 160 500 Overloaded Moves . | . . . Propulsion Burnouts . | . . . Robots Hopped . | . . . Potential Cave-ins . | . . . Cave-ins Triggered . | . . . Exploration Rate (%) 26 | 4 33 43 Regions Visited 2 Branch Regions 1 Pre-discovered Areas 2 | . . 2 Known Exits Taken . | . . . Unknown Exits Taken 2 | 1 1 . Scrap Searched . | . . . Spaces Dug . | . . . Terrain Destroyed 3 | . 3 . Melee . | . . . Projectile . | . . . AOE 3 | . 3 . Terrain Rammed . | . . . Walls Destroyed . | . . . Machines Disabled . | . . . Actions | -11 -10 -10 --------- Run | Yrd Mat Min Total 411 | 59 170 182 Wait . | . . . Move 360 | 46 155 159 Hop . | . . . Pick Up 14 | 6 4 4 Fast Attach 4 | 4 . . Attach 6 | 2 1 3 Detach . | . . . Swap 2 | 1 1 . Drop . | . . . Fire 25 | . 9 16 Melee . | . . . Ram . | . . . Kick . | . . . Crush . | . . . Escape Stasis . | . . . Rewire . | . . . Trap . | . . . Miscellaneous . | . . . Route ------- -11/Scrapyard -10/Materials -10/Mines (discovered 1 exit: [*Mat]) History --------- Turn | Location | Event 29 | -11/Scrapyard | Discovered new exit (range 14) 78 | -11/Scrapyard | Entered Materials 310 | -10/Materials | Build established: Mutant 345 | -10/Materials | Discovered new exit (range 9) 358 | -10/Materials | Entered Mines 365 | -10/Mines | Core integrity fell below 50% 446 | -10/Mines | Received a Rocket Launcher from a helpful Derelict 587 | -10/Mines | Learned location of Recycling (-8) 595 | -10/Mines | Discovered new exit (range 11) 619 | -10/Mines | Assembled infested the area 651 | -10/Mines | Learned location of Storage (-8) 676 | -10/Mines | Core integrity fell below 20% 683 | -10/Mines | Destroyed by as-38498 with Assembled Heavy Rifle Last Messages --------------- 00486_ T-07 Excavator is excavating. 00487_ U-05 Engineer builds a Wall. 00490_ T-07 Excavator is excavating. 00534_ System corrupted: Heat flow error (+166). 00553_ K-01 Serf collects debris. 00556_ K-01 Serf cleans the Core Extractor. 00565_ K-01 Serf collects debris. 00587_ Acquired derelict log, extracted data. World map updated: -8/Recycling. 00595_ EXIT=FOUND 00619_ ALERT: Infestation in the mines, dispatching Demolisher response squad. 00641_ as-37588 destroyed. 00644_ Lgt. Treads destroyed. 00651_ Acquired derelict log, extracted data. World map updated: -8/Storage. 00654_ Lgt. Assault Rifle destroyed. 00663_ Ion Engine destroyed. 00669_ Lgt. Treads destroyed. 00679_ Med. Laser destroyed. Map ----- +----------------------------------------------------+ | ?????????????????????????????????????? | | ?????????????????????????????????????? | | ?????????????????????????????????????? | | #######??????????????????????????????? | | ########??????????????#####??????????? | | ## ###??????????????#####??????????? | | # ##??????????????## ??????????? | | ##??????????????## ##??????????? | | ###??????????????## ##??????????? | | #################?## ##??????????? | | #################?## ###### ##???? | | ##?## ###### ##???? | | ##### ##???? | | ## ############### ##### ## ######???? | | ## ############### ## ######???? | | ## ?? ######## ##???????? | | ######??########## ######## ##???????? | | ######??########## ##??#### ##???????? | | ????????????????## ##?#### ##???????? | | ????????????????## ###### ###??????? | | ????????????????## ##### ######???? | | ????????????????## #### ######??? | | ????????????????## ### < ###??? | | ????????????????## ## ##??? | | ????????????????## ##??? | | ????????????????###### @a ###??? | | ????????????????#########a ####??? | | ????????????????????###### a ####???? | | ???????????????????????### a ####???? | | ????????????????????????##aa ###???? | | ????????????????????????## ###??? | | ????????????????????????## ##??? | | ????????????????????????## a### ###??? | | ????????????????????????## #######??? | | ????????????????????????## ######???? | | ???????????????????????### %##???????? | | ???????????????????????## ##???????? | | ???????????????????????## ####???????? | | ???????????????????????## ####???????? | | ???????????????????????## ???????????? | | ??????????????????????? #??????????? | | ???????????????????????####??????????? | | ???????????????????????####??????????? | | ?????????????????????????????????????? | | ?????????????????????????????????????? | | ?????????????????????????????????????? | | ?????????????????????????????????????? | | ?????????????????????????????????????? | | ?????????????????????????????????????? | | ?????????????????????????????????????? | +----------------------------------------------------+ Best States ------------- Heat Dissipation 25 Energy Generation 10 Energy Capacity 250 Matter Stores 300 Matter Capacity 300 Sight Range 16 Terrain Scan Density 10 Evasion (%) 50 Recoil Reduction 2 Item Schematics ----------------- None Robot Schematics ------------------ None Fabricated ------------ Nothing Repaired ---------- Nothing Studied --------- None Alien Tech Used ----------------- None Achievements -------------- None Challenges ------------ None Game ------ Seed HeatAntigravHumpback Manual? 0 Play Time 00:09:46 Cumulative 26.3 hours Start 2025.11.16 @ 07:41:28 End 2025.11.16 @ 07:48:59 Sessions 1 Manual Loads 0 Difficulty Rogue Special Mode None Game No. 35 Rogue 33 Adventurer 2 Explorer 0 Win Type - Total 0 Types 0/0/0/0/0/0/0/0/0/0 Lore% 10 Gallery% 22 Achievement% 16 Wizard Run 0 Options --------- Layout 1 ASCII 0 Keyboard 0 Movement Mouse Keybinds 0 Fullscreen 1 Font 32/Terminus Map View 25x17 Zoom Use 96% Tactical HUD 1 Map Filters NONE Filters NONE Steam 1 RUN: 63746237-7159-4509-bb8b-08dd602544a4